 Dungeon Sprint DCSS version 0.17-a0-1181-gabc46e6 (webtiles) character file.

1164 Kidiri the Fighter (level 8, -2/60 HPs)
             Began as a Gargoyle Fighter on May 31, 2015.
             Was the Champion of Qazlal.
             Slain by a boulder beetle (23 damage)
             ... in the Dungeon (Sprint VII: "The Pits").
             The game lasted 00:08:14 (704 turns).

Kidiri the Fighter (Gargoyle Fighter)                Turns: 704, Time: 00:08:14

Health: -2/60      AC: 23    Str: 22    XL:     8   Next: 40%
Magic:  22/22      EV:  9    Int:  9    God:    Qazlal [******]
Gold:   0          SH: 19    Dex: 11    Spells: 0 memorised, 7 levels left

rFire  . . .     SeeInvis .     l - +2 morningstar "Beetle's Undoing" {flame, MP+9}
rCold  . . .     Clarity  .     v - +3 chain mail
rNeg   + . .     SustAt   .     c - +0 shield
rPois  ∞         Gourm    .     (no helmet)
rElec  +         Spirit   .     (no cloak)
rCorr  .         Warding  .     (no gloves)
rMut   .         NoTele   +     x - +0 pair of boots
MR     .....                    (no amulet)
Stlth  ..........               b - +3 ring of protection
                                a - +3 ring of evasion

@: repel missiles, not resistant to hostile enchantments, extremely unstealthy
A: agile 1, deterioration 1, negative energy resistance 1, electricity
resistance, wild magic 1, unbreathing, petrification resistance, rot immunity,
AC +5
a: Upheaval, Elemental Force, Disaster Area, Renounce Religion


You were in the Dungeon.
You worshipped Qazlal.
Qazlal was exalted by your worship.
You were not hungry.

You visited 1 branch

Inventory:

Hand weapons
 l - the +2 morningstar "Beetle's Undoing" (weapon) {flame, MP+9}
   (You found it in the Dungeon)

   It has been specially enchanted to burn those struck by it, causing extra
   injury to most foes and up to half again as much damage against particularly
   susceptible opponents.
   It affects your magic capacity (+9).
 t - a +1 flail of crushing
Armour
 c - a +0 shield (worn)
 v - a +3 chain mail (worn)
 x - a +0 pair of boots (worn)
Jewellery
 a - a +3 ring of evasion (left hand)
 b - a +3 ring of protection (right hand)
Scrolls
 k - a scroll of blinking
 p - 3 scrolls of remove curse
 q - 5 scrolls of amnesia
 r - a scroll of summoning
Potions
 d - a potion of might
 f - 8 potions of curing
 g - 12 potions of heal wounds
 h - a potion of haste
 i - 4 potions of magic
 j - 3 potions of berserk rage
 o - 2 potions of invisibility
 s - a potion of agility
 u - a potion of resistance
 w - a potion of cure mutation
Comestibles
 e - 8 bread rations
 m - 40 fruits
 n - 7 meat rations


   Skills:
 * Level 11.0 Fighting
 * Level 9.8 Maces & Flails
 + Level 8.3 Armour
 + Level 8.3 Shields
 + Level 7.2 Invocations


You had 7 spell levels left.
You didn't know any spells.

Dungeon Overview and Level Annotations

Branches:
Dungeon (1/1)

Altars:
Ashenzari
Cheibriados
Dithmenos
Elyvilon
Fedhas
Gozag
Kikubaaqudgha
Makhleb
Nemelex Xobeh
Okawaru
Qazlal
Ru
Sif Muna
Trog
Vehumet
Xom
Yredelemnul
Zin
The Shining One
Beogh
Jiyva
Lugonu


Innate Abilities, Weirdness & Mutations

You are resistant to torment.
Your stone body is resilient (AC +5).
You are immune to poison.
You resist negative energy.
You are resistant to electric shocks.
You can survive without breathing.
You are immune to petrification.
You are immune to rotting.
You are agile. (Dex +2)
Your body sometimes deteriorates upon taking damage.
Your spells are a little harder to cast, but a little more powerful.


Message History

The black mamba is almost dead.
The vampire mosquito is engulfed in roaring flames.
You block the vampire mosquito's attack. x2
The boulder beetle bites you!!
Ouch! That really hurt!
The vampire mosquito is engulfed in roaring flames.
The vampire mosquito bites you but does no damage.
The black mamba bites you.
The vampire mosquito closely misses you.
A manticore comes into view.
You miss the black mamba.
The black mamba is almost dead.
The vampire mosquito is engulfed in roaring flames.
The vampire mosquito closely misses you.
The vampire mosquito barely misses you. You block the black mamba's attack.
The vampire mosquito is engulfed in roaring flames.
You block the vampire mosquito's attack.
The boulder beetle waves its antennae.
The boulder beetle bites you!!
You die...

.#?(##......#..#......#
'#####................+
.....'(...............+
'#####......#..#......#
.§'.##................#
..#.#####'#####''######
###.##.......##'§#
..#.##.......##B§##
..†.##.......##.@y#
######...<...###SyH#
))).##.......# ##......
.))[##.......# .###+#
######.......# ##
.#..##########
.#)###########
.#.#....#..[[#
.#†#....#....#


You could see a boulder beetle, a manticore, a black mamba and 2 vampire
mosquitoes.

Vanquished Creatures
  2 vampire mosquitoes (D)
  A wolf (D)
  A water moccasin (D)
  A phantom (D)
  A sky beast (D)
  A big kobold (D)
  A scorpion (D)
  5 killer bees (D)
  An orc priest (D)
  An orc wizard (D)
  A hound (D)
  An iguana (D)
  A worker ant (D)
  2 adders (D)
  An ufetubus (D)
  A worm (D)
  A giant gecko (D)
  3 orcs (D)
  A bat skeleton (D)
  2 kobolds (D)
  A ball python (D)
  A rat (D)
31 creatures vanquished.

Notes
Turn   | Place    | Note
--------------------------------------------------------------
     0 | D        | Kidiri the Gargoyle Fighter began the quest for the Orb.
     0 | D        | Reached XP level 1. HP: 14/14 MP: 1/1
    24 | D        | Found a sacrificial altar of Ru.
    24 | D        | Found a basalt altar of Yredelemnul.
    24 | D        | Found a shadowy altar of Dithmenos.
    24 | D        | Found a deep blue altar of Sif Muna.
    24 | D        | Found a burning altar of Makhleb.
    24 | D        | Found a shimmering altar of Xom.
    24 | D        | Found an ancient bone altar of Kikubaaqudgha.
    24 | D        | Found a sparkling altar of Nemelex Xobeh.
    25 | D        | Found a glowing golden altar of the Shining One.
    25 | D        | Found a bloodstained altar of Trog.
    25 | D        | Found a shattered altar of Ashenzari.
    25 | D        | Found a white marble altar of Elyvilon.
    25 | D        | Found a snail-covered altar of Cheibriados.
    25 | D        | Found a blossoming altar of Fedhas.
    25 | D        | Found a radiant altar of Vehumet.
    25 | D        | Found a glowing silver altar of Zin.
    25 | D        | Found a corrupted altar of Lugonu.
    25 | D        | Found a viscous altar of Jiyva.
    25 | D        | Found a roughly hewn altar of Beogh.
    25 | D        | Found an iron altar of Okawaru.
    31 | D        | Found a stormy altar of Qazlal.
    31 | D        | Found an opulent altar of Gozag.
    35 | D        | Became a worshipper of Qazlal Stormbringer
    74 | D        | Noticed a worker ant
    78 | D        | Reached skill level 4 in Fighting
    78 | D        | Reached XP level 2. HP: 18/20 MP: 2/2
    84 | D        | Killed a worker ant
    84 | D        | Reached skill level 5 in Fighting
    84 | D        | Reached skill level 1 in Invocations
    84 | D        | Reached XP level 3. HP: 22/26 MP: 2/4
   138 | D        | Acquired Qazlal's first power
   176 | D        | Noticed a sky beast
   179 | D        | Acquired Qazlal's second power
   191 | D        | Killed a sky beast
   191 | D        | Reached skill level 6 in Fighting
   191 | D        | Reached skill level 5 in Maces & Flails
   191 | D        | Reached skill level 5 in Armour
   191 | D        | Reached skill level 5 in Shields
   191 | D        | Reached XP level 4. HP: 29/32 MP: 4/6
   191 | D        | Reached XP level 5. HP: 33/37 MP: 4/7
   197 | D        | Gained mutation: You tend to lose your temper in combat. [mutagenic meat]
   198 | D        | Gained mutation: You are agile. (Dex +2) [mutagenic meat]
   199 | D        | Gained mutation: Your body sometimes deteriorates upon taking damage. [mutagenic meat]
   200 | D        | Lost mutation: You tend to lose your temper in combat. [mutagenic meat]
   201 | D        | Gained mutation: Your spells are a little harder to cast, but a little more powerful. [mutagenic meat]
   315 | D        | Noticed a big kobold
   323 | D        | Killed a big kobold
   323 | D        | Reached skill level 7 in Fighting
   326 | D        | Noticed a wolf
   326 | D        | Noticed a scorpion
   326 | D        | Noticed an iguana
   336 | D        | Killed a wolf
   336 | D        | Acquired Qazlal's third power
   336 | D        | Reached skill level 8 in Fighting
   336 | D        | Reached XP level 6. HP: 40/45 MP: 9/9
   341 | D        | Killed an iguana
   341 | D        | Reached skill level 5 in Invocations
   350 | D        | Killed a scorpion
   450 | D        | Noticed a phantom
   467 | D        | Killed a phantom
   467 | D        | Acquired Qazlal's fourth power
   467 | D        | Reached skill level 9 in Fighting
   467 | D        | Reached XP level 7. HP: 49/51 MP: 11/11
   495 | D        | Noticed an orc wizard
   495 | D        | Noticed an orc priest
   502 | D        | Killed an orc wizard
   505 | D        | Killed an orc priest
   505 | D        | Acquired Qazlal's fifth power
   513 | D        | Noticed a killer bee
   513 | D        | Noticed a killer bee
   513 | D        | Noticed a killer bee
   513 | D        | Noticed a killer bee
   513 | D        | Noticed a killer bee
   513 | D        | Noticed a water moccasin
   520 | D        | Killed a killer bee
   525 | D        | Killed a killer bee
   525 | D        | Reached skill level 10 in Fighting
   527 | D        | Killed a killer bee
   533 | D        | Killed a water moccasin
   535 | D        | Killed a killer bee
   535 | D        | Reached XP level 8. HP: 53/58 MP: 11/13
   543 | D        | Killed a killer bee
   617 | D        | Got the +2 morningstar "Beetle's Undoing" {flame, MP+9}
   690 | D        | Noticed a boulder beetle
   692 | D        | Noticed a hound
   696 | D        | Noticed a black mamba
   696 | D        | Noticed a vampire mosquito
   696 | D        | Killed a hound
   697 | D        | Noticed a vampire mosquito
   697 | D        | Noticed a vampire mosquito
   699 | D        | Noticed a vampire mosquito
   699 | D        | Killed a vampire mosquito
   702 | D        | Killed a vampire mosquito
   702 | D        | Reached skill level 11 in Fighting
   704 | D        | Noticed a manticore
   704 | D        | Slain by a boulder beetle

Vault maps used:
D:        pitsprint

Action                   |  1- 3 |  4- 6 |  7- 9 || total
-------------------------+-------+-------+-------++-------
Melee: Mace              |    31 |       |       ||    31
       Flail             |     2 |    42 |    46 ||    90
       Morningstar       |       |       |    11 ||    11
  Eat: Chunk             |       |     5 |       ||     5
